[Event "Carnaval"]
[Site "Quebec CAN"]
[Date "2016.02.20"]
[Round "3"]
[White "Song, Sam"]
[Black "Larochelle, Martial"]
[Result "1/2-1/2"]
[ECO "C00"]
[WhiteElo "2239"]
[BlackElo "2099"]
[PlyCount "108"]
[EventDate "2016.02.19"]
[EventType "swiss"]
[EventRounds "5"]
[EventCountry "CAN"]
[TimeControl "900+2"]

1. e4 e5 2. Qe2 Nf6 3. g3 Nc6 4. c3 d5 5. d3 dxe4 6. dxe4 Bg4 7. f3 Be6 8. Be3
a5 9. Nd2 Be7 10. Nh3 O-O 11. Nf2 Nd7 12. Qb5 Qc8 13. Bg2 Nd8 14. O-O c6 15.
Qe2 Bc5 16. f4 Bxe3 17. Qxe3 exf4 18. gxf4 f5 19. e5 Qc7 20. Qe2 Nc5 21. Rfd1
Qf7 22. b3 Bd5 23. Nf3 Nde6 24. Nh3 Qh5 25. Qe3 Rfd8 26. Nd4 Bxg2 27. Kxg2 Nxd4
28. Rxd4 Rxd4 29. cxd4 Ne6 30. Nf2 Rd8 31. Rd1 Qh4 32. Qg3 Qh6 33. Nh3 Qh5 34.
Qf3 Qxf3+ 35. Kxf3 Rxd4 36. Rxd4 Nxd4+ 37. Ke3 Ne6 38. Kd3 b5 39. a3 Kf7 40. b4
axb4 41. axb4 h6 42. Ke3 Nc7 43. Kd4 Na6 44. Nf2 Nxb4 45. Kc5 Nd5 46. Nd3 g5
47. fxg5 hxg5 48. Kxc6 Ke6 49. Kxb5 Nf4 50. Nxf4+ gxf4 51. Kc4 Kxe5 52. Kd3 Kf6
53. Ke2 Kg6 54. Kf3 Kg5 1/2-1/2

[Event "Mauricie op"]
[Site "Trois-Rivieres CAN"]
[Date "2016.03.20"]
[Round "5"]
[White "Luksza, Arkadiusz"]
[Black "Larochelle, Martial"]
[Result "1-0"]
[ECO "D10"]
[WhiteElo "2287"]
[BlackElo "2194"]
[PlyCount "71"]
[EventDate "2016.03.18"]
[EventType "swiss"]
[EventRounds "5"]
[EventCountry "CAN"]
[TimeControl "900+2"]

1. d4 d5 2. c4 c6 3. Nc3 Nf6 4. e3 a6 5. c5 Nbd7 6. Nf3 Qc7 7. Bd3 e5 8. Bc2 e4
9. Nd2 b6 10. cxb6 Qxb6 11. O-O c5 12. dxc5 Nxc5 13. Nb3 Bb7 14. Nxc5 Qxc5 15.
Ba4+ Bc6 16. Bd2 Bd7 17. Bxd7+ Nxd7 18. Rc1 Qd6 19. Qa4 Rd8 20. Ne2 Qh6 21. Ba5
Bd6 22. h3 O-O 23. Bxd8 Rxd8 24. Rfd1 Qg5 25. Qa5 Nf8 26. Nf4 Bxf4 27. exf4 Qf6
28. Rxd5 Qxb2 29. Rcd1 Re8 30. R5d2 Qb7 31. Rd8 Rxd8 32. Rxd8 Qe7 33. Qd2 e3
34. fxe3 g6 35. Kf2 Qh4+ 36. Kf1 1-0